 Dungeon Sprint DCSS version 0.17-a0-1504-gb7d9117 (webtiles) character file.

149 1100001001 the Basher (level 5, -7/55 HPs)
             Began as a Troll Fighter on July 8, 2015.
             Was a Follower of Qazlal.
             Mangled by a bone dragon (11 damage)
             ... in the Dungeon (Sprint V: "Ziggurat Sprint").
             The game lasted 00:03:13 (146 turns).

1100001001 the Basher (Troll Fighter)                Turns: 146, Time: 00:03:17

Health: -7/55      AC: 20    Str: 37    XL:     5   Next: 9%
Magic:  4/4        EV:  5    Int:  4    God:    Qazlal [*.....]
Gold:   0          SH:  2    Dex:  9    Spells: 0 memorised, 4 levels left

rFire  + + +     SeeInvis .     m - +7 great mace "Firestarter" {inner flame, rF++}
rCold  + . .     Clarity  .     l - +5 gold dragon armour
rNeg   . . .     SustAt   .     (no shield)
rPois  +         Gourm    +     (helmet restricted)
rElec  .         Spirit   .     (no cloak)
rCorr  .         Warding  .     (gloves unavailable)
rMut   .         NoTele   +     (boots unavailable)
MR     .....                    (no amulet)
Stlth  ..........               a - +6 ring of strength
                                c - +6 ring of strength

@: very slightly contaminated, not resistant to hostile enchantments, extremely
unstealthy
A: unfitting armour, claws 3, fast metabolism 3, gourmand, regeneration 2,
shaggy fur 1, tough skin 2
a: Renounce Religion


You were in the Dungeon.
You worshipped Qazlal.
Qazlal was aware of your devotion.
You were not hungry.

You visited 1 branch


Innate Abilities, Weirdness & Mutations

You are too large for most types of armour.
You have claws for hands.
Your metabolism is lightning-fast.
You like to eat raw meat.
You heal very quickly.
You are covered in fur (AC +1).
You have very tough skin (AC +2).


   Skills:
 + Level 4.8 Fighting
 + Level 8.4 Maces & Flails
 + Level 4.8 Dodging
   Level 2.4 Shields


You had 4 spell levels left.
You didn't know any spells.

Inventory:

Hand weapons
 m - the +7 great mace "Firestarter" (weapon) {inner flame, rF++}

   It has been specially enchanted to burn those struck by it, causing extra
   injury to most foes and up to half again as much damage against particularly
   susceptible opponents.
   It greatly protects you from fire.
Armour
 b - a +0 robe
 l - a +5 gold dragon armour (worn)
 G - a +2 robe of magic resistance
Jewellery
 a - a +6 ring of strength (right claw)
 c - a +6 ring of strength (left claw)
Magical devices
 o - a wand of disintegration (7)
 p - a wand of fire (5)
 q - a wand of cold (5)
 r - a wand of draining (5)
Scrolls
 k - 3 scrolls of blinking
 s - 4 scrolls of amnesia
 t - 3 scrolls of recharging
 u - 7 scrolls of fog
 v - a scroll of holy word
 w - 5 scrolls of identify {@r1}
 x - 5 scrolls of remove curse
 y - 2 scrolls of fear
Potions
 d - 6 potions of might
 f - 10 potions of curing {@q1}
 g - 10 potions of heal wounds {@q2}
 h - 6 potions of haste {@q3}
 i - 7 potions of magic
 j - 3 potions of berserk rage {!q}
 B - 2 potions of brilliance
 C - 2 potions of invisibility
 D - 4 potions of resistance
 F - 5 potions of agility
Books
 E - the Grimoire of Burning Battle Magic

   Spells                             Type                      Level
   a - Conjure Flame                  Conjuration/Fire             3
   b - Bolt of Magma                  Conjuration/Fire/Earth       5
   c - Bolt of Fire                   Conjuration/Fire             6
Miscellaneous
 n - a disc of storms
Comestibles
 e - 6 bread rations
 z - 4 meat rations
 A - 42 fruits

Dungeon Overview and Level Annotations

Branches:
Dungeon (1/1)

Altars:
Ashenzari
Cheibriados
Dithmenos
Elyvilon
Fedhas
Gozag
Kikubaaqudgha
Makhleb
Nemelex Xobeh
Okawaru
Qazlal
Ru
Sif Muna
Trog
Vehumet
Xom
Yredelemnul
Zin
The Shining One
Beogh
Jiyva
Lugonu

▓.....▓.....▓▓▓▓▓▓
▓▓▓▓▓▓▓▓▓▓▓▓▓▓
▓..8©8...▓
▓..[)!...▓
▓...)....▓
▓........▓
▓........▓
▓55D.....▓
▓.T5.....▓
▓▓▓▓▓▓▓▓▓▓


You could see a bone dragon, 2 shadow imps and an ufetubus.


Message History

The shadow imp shouts!
The shadow imp shouts, "Flounder, thou unctious earth-vexing whey-face!"
Found four items.
Unknown command.
Unknown command.
The shadow imp shouts, "Away with thee, thou foisting nose-picking dandiprat!"
The shadow imp gestures at you.
You barely resist. The shadow imp gestures at you.
Pain shoots through your body!
You miss the ufetubus. The ufetubus barely misses you.
You block the ufetubus's attack.
The shadow imp grins evilly.
The ufetubus hits you but does no damage. x2
The shadow imp barely misses you.
You hit the bone dragon but do no damage.
The bone dragon bites you!
* * * LOW HITPOINT WARNING * * *
The bone dragon claws you.
* * * LOW HITPOINT WARNING * * *
The bone dragon tramples you.
* * * LOW HITPOINT WARNING * * *
You hold your ground!
The ufetubus hits you but does no damage. x2
The shadow imp hits you but does no damage.
The shadow imp shouts, "Get thee gone, thou cockered doghearted simpleton!"
The bone dragon is struck by lightning.
The bone dragon bites you!
* * * LOW HITPOINT WARNING * * *
The bone dragon claws you!
You die...

Action                   |  1- 3 |  4- 6 || total
-------------------------+-------+-------++-------
Melee: Great mace        |     6 |     2 ||     8
  Use: Potion            |     1 |       ||     1
       Scroll            |       |     1 ||     1

Vault maps used:
D:        sprint_v

Notes
Turn   | Place    | Note
--------------------------------------------------------------
     0 | D        | 1100001001 the Troll Fighter began the quest for the Orb.
     0 | D        | Reached XP level 1. HP: 22/22 MP: 0/0
     5 | D        | Found an iron altar of Okawaru.
     5 | D        | Found a radiant altar of Vehumet.
     5 | D        | Found a shimmering altar of Xom.
     5 | D        | Found a burning altar of Makhleb.
    11 | D        | Found a deep blue altar of Sif Muna.
    13 | D        | Found a white marble altar of Elyvilon.
    13 | D        | Found a sparkling altar of Nemelex Xobeh.
    13 | D        | Found a corrupted altar of Lugonu.
    13 | D        | Found a bloodstained altar of Trog.
    13 | D        | Found a roughly hewn altar of Beogh.
    13 | D        | Found a viscous altar of Jiyva.
    54 | D        | Reached skill level 7 in Maces & Flails
    54 | D        | Reached XP level 2. HP: 29/29 MP: 1/1
    67 | D        | Became a worshipper of Qazlal Stormbringer
    77 | D        | Entered arena 1.
    84 | D        | Identified the Grimoire of Burning Battle Magic (You found it in the Dungeon)
    86 | D        | Entered arena 2.
    86 | D        | Noticed an eye of draining
    86 | D        | Noticed a jelly
    91 | D        | Killed a jelly
    91 | D        | Acquired Qazlal's first power
    91 | D        | Reached skill level 3 in Fighting
    91 | D        | Reached skill level 3 in Dodging
    91 | D        | Reached XP level 3. HP: 29/37 MP: 0/2
    93 | D        | Paralysed by a giant eyeball for 3 turns
    96 | D        | Killed an eye of draining
    96 | D        | Reached skill level 4 in Fighting
    96 | D        | Reached skill level 8 in Maces & Flails
    96 | D        | Reached skill level 4 in Dodging
    96 | D        | Reached XP level 4. HP: 28/49 MP: 0/3
    96 | D        | Reached XP level 5. HP: 31/55 MP: 0/4
   116 | D        | Identified a +5 gold dragon armour (You found it in the Dungeon)
   138 | D        | Entered arena 3.
   138 | D        | Noticed Sazeunk the pandemonium lord
   138 | D        | Noticed an iron imp
   138 | D        | Noticed an orange demon
   138 | D        | Noticed a blue devil
   142 | D        | Entered arena 4.
   142 | D        | Noticed a bone dragon
   146 | D        | HP: 4/55 [bone dragon (15)]
   146 | D        | Mangled by a bone dragon

Vanquished Creatures
  An eye of draining (D)
  A jelly (D)
  2 river rats (D)
  A giant eyeball (D)
5 creatures vanquished.
